 Dungeon Crawl Stone Soup version 0.24-a0-201-gf205589 (webtiles) character file.

Game seed: 14508576970078910110

15 Borgoz the Cutter (level 2, 0/18 HPs)
             Began as a Gargoyle Gladiator on Mar 25, 2019.
             Slain by a bat (1 damage)
             ... on level 2 of the Dungeon.
             The game lasted 00:00:53 (365 turns).

Borgoz the Cutter (Gargoyle Gladiator)               Turns: 365, Time: 00:00:53

Health: 0/18       AC:  6    Str: 17    XL:     2   Next: 50%
Magic:  2/2        EV: 12    Int:  8    God:
Gold:   5          SH:  0    Dex: 11    Spells: 1/1 levels left

rFire    . . .     SeeInvis .   a - +0 rapier
rCold    . . .     Gourm    .   (no shield)
rNeg     + . .     Faith    .   b - +0 leather armour
rPois    ∞         Spirit   .   c - +0 helmet
rElec    +         Reflect  .   (no cloak)
rCorr    .         Harm     .   (no gloves)
MR       .....                  (no boots)
Stlth    +.........             (no amulet)
HPRegen  0.06/turn              (no ring)
MPRegen  0.08/turn              (no ring)

@: no status effects
A: negative energy resistance 1, electricity resistance, unbreathing,
petrification resistance, rot immunity, AC +2
a: no special abilities


You were on level 2 of the Dungeon.
You were not hungry.

You visited 1 branch of the dungeon, and saw 2 of its levels.

You collected 5 gold pieces.

Inventory:

Hand Weapons
 a - a +0 rapier (weapon)
 i - a +1 dagger of protection
Missiles
 d - 3 throwing nets (quivered)
Armour
 b - a +0 leather armour (worn)
 c - a +0 helmet (worn)
 l - a +0 pair of gloves
Scrolls
 e - 2 scrolls of fear {unknown}
 h - a scroll of enchant weapon {unknown}
 j - a scroll of remove curse {unknown}
Comestibles
 f - 2 rations
 g - 3 chunks of flesh


   Skills:
 + Level 2.3 Fighting
 * Level 2.9 Short Blades
 + Level 1.9 Throwing
 + Level 0.3 Armour
 * Level 2.6 Dodging
 + Level 0.4 Stealth
 + Level 0.2 Spellcasting


You had one spell level left.
You didn't know any spells.
Your spell library was empty.

Dungeon Overview and Level Annotations

Branches:
Dungeon (1/15)

Altars:


Innate Abilities, Weirdness & Mutations

You are resistant to torment.
Your stone body is resilient. (AC +2)
You are immune to poison.
You resist negative energy. (rN+)
You are resistant to electric shocks. (rElec)
You can survive without breathing.
You are immune to petrification.
You are immune to rotting.


Message History

You barely miss the worm.
The worm is almost dead.
The bat hits you but does no damage. The worm bites you but does no damage.
You hit the worm but do no damage.
The worm is almost dead.
The bat closely misses you. The worm bites you!
* * * LOW HITPOINT WARNING * * *
You barely miss the worm.
The worm is severely wounded.
The bat barely misses you.
You aren't carrying any potions.
Okay, then.
You aren't carrying any potions.
You puncture the worm!
You kill the worm!
The bat hits you but does no damage.
You closely miss the bat. The bat closely misses you.
You miss the bat. The bat hits you but does no damage. x2
You closely miss the bat. The bat hits you.
You die...

.. ###. ... . .. .. .. ##.#
... ..## ##..##....
...####b?#......
###.....@...#....
........†........
##.........#.... ....
..##..........# .$
...................#
...#.........##..##...... .
#.....##.....##..........
.##.....##.###....##..>....
..#..##.##.# ###...#.......


You could see a bat.

Vanquished Creatures
  A worm (D:2)
  A leopard gecko (D:2)
  3 giant cockroaches (D:2)
  A goblin (D:2)
  A hobgoblin (D:2)
  3 bats (D:2)
  A rat (D:2)
11 creatures vanquished.

Notes
Turn   | Place    | Note
-------+----------+-------------------------------------------
     0 | D:1      | Borgoz the Gargoyle Gladiator began the quest for the Orb.
     0 | D:1      | Reached XP level 1. HP: 12/12 MP: 1/1
    81 | D:1      | You fall through a shaft!
   138 | D:2      | Reached XP level 2. HP: 12/17 MP: 2/2
   365 | D:2      | Slain by a bat

Levels and vault maps discovered:
D:1:      dpeg_arrival_concentric_ovals, layout_loops_ring,
          hangedman_decor_peaks_small, hangedman_decor_riveting
D:2:      layout_rooms, grunt_dithmenos_smoke_and_mirrors,
          kennysheep_vampire_church, guppyfry_early_orc_mine

Action                   || total
-------------------------++-------
Melee: Rapier            ||    52
  Use: Potion            ||     1
Armor: Leather armour    ||    26
Dodge: Dodged            ||    54

Table legend:
 A = Non-vault XP
 B = Vault XP
 C = Vault XP percentage of total XP
 D = Non-vault monster count
 E = Vault monster count
 F = Vault count percentage of total count
                 A         B        C        D         E       F
            +---------+---------+-------+---------+---------+-------
      Total |      22 |       0 |   0.0 |      11 |       0 |   0.0
            +---------+---------+-------+---------+---------+-------
        D:2 |      22 |       0 |   0.0 |      11 |       0 |   0.0
            +---------+---------+-------+---------+---------+-------
